 Dungeon Crawl Stone Soup version 0.19.0-24-gb05acd6 (webtiles) character file.

3227 Ladykiller69 the Cleaver (level 10, 0/71 HPs)
             Began as a Formicid Fighter on Nov 20, 2016.
             Was a Priest of Cheibriados.
             Slain by an orc warrior
             ... wielding a +0 dire flail
              (4 damage)
             ... on level 9 of the Dungeon.
             The game lasted 00:12:35 (7685 turns).

Ladykiller69 the Cleaver (Formicid Fighter)         Turns: 7685, Time: 00:12:36

Health: 0/71       AC: 13    Str: 37    XL:     10   Next: 18%
Magic:  10/10      EV:  8    Int: 17    God:    Cheibriados [***...]
Gold:   362        SH: 14    Dex: 16    Spells: 0 memorised, 9 levels left

rFire  . . .     SeeInvis +     a - +0 war axe
rCold  . . .     Gourm    .     Q - +0 plate armour
rNeg   . . .     Faith    .     c - +0 shield
rPois  .         Spirit   .     (helmet unavailable)
rElec  .         Reflect  .     (no cloak)
rCorr  .         Harm     .     (no gloves)
MR     +....                    h - +0 pair of boots
Stlth  ..........               (no amulet)
                                w - ring of loudness (curse)
                                o - +5 ring of strength

@: mighty, very slow
A: permanent stasis, dig shafts and tunnels, four strong arms, antennae 3
a: Dig, Shaft Self, Bend Time, Temporal Distortion, Renounce Religion


You were on level 9 of the Dungeon.
You worshipped Cheibriados.
Cheibriados was most pleased with you.
You were not hungry.

You visited 2 branches of the dungeon, and saw 10 of its levels.

You collected 362 gold pieces.

Inventory:

Hand Weapons
 a - a +0 war axe (weapon)
 K - a +0 arbalest
Missiles
 i - 273 stones
 A - 5 poisoned tomahawks (quivered)
 D - 3 tomahawks
 J - 2 throwing nets
Armour
 b - a +0 scale mail
 c - a +0 shield (worn)
 h - a +0 pair of boots (worn)
 N - a +0 chain mail
 Q - a +0 plate armour (worn)
Rods
 M - a +0 iron rod (13/13)
   (You found it on level 7 of the Dungeon)
Jewellery
 o - a +5 ring of strength (left hand)
 w - a cursed ring of loudness (right hand)
Wands
 m - a wand of heal wounds (3/9)
 z - a wand of disintegration (8/24)
 P - a wand of slowing (21/48)
Scrolls
 e - 6 scrolls of identify {unknown}
 j - 4 scrolls of teleportation {unknown}
 q - 3 scrolls of fear {unknown}
 r - a scroll of magic mapping {unknown}
 t - 2 scrolls of fog {unknown}
 u - a scroll of amnesia {unknown}
 v - 3 scrolls of remove curse {unknown}
 x - a scroll of random uselessness {unknown}
 C - a scroll of enchant armour {unknown}
 F - 2 scrolls of immolation {unknown}
 L - a scroll of blinking {unknown}
 O - 3 scrolls of torment {unknown}
Potions
 d - 5 potions of might
 g - 2 potions of magic {unknown}
 k - 3 potions of curing {unknown}
 l - 3 potions of degeneration {unknown}
 n - 2 potions of heal wounds {unknown}
 p - a potion of resistance {unknown}
 s - a potion of lignification {unknown}
 B - a potion of mutation {unknown}
 G - 2 potions of invisibility {unknown}
Books
 y - a book of Cantrips

   Spells                             Type                      Level
   a - Confusing Touch                Hexes                        1
   b - Animate Skeleton               Necromancy                   1
   c - Summon Small Mammal            Summoning                    1
   d - Apportation                    Translocation                1
Comestibles
 f - 6 bread rations
 E - 4 fruits
 H - 2 beef jerkies
 I - a slice of pizza
 R - a meat ration


   Skills:
 - Level 4.0 Fighting
 * Level 10.9 Axes
 - Level 4.1 Armour
 + Level 9.9 Shields


You had 9 spell levels left.
You didn't know any spells.

Dungeon Overview and Level Annotations

Branches:
Dungeon (9/15)             Temple (1/1) D:4
   Lair: D:8-11         Orc: D:9-12

Altars:
Cheibriados
Dithmenos
Hepliaklqana
Okawaru
Ru
Yredelemnul
The Shining One

Annotations:
D:3 appiemonkey's ghost, amateur MiFi


Innate Abilities, Weirdness & Mutations

You are under a permanent stasis effect.
You can dig through walls and to a lower floor.
Your four strong arms can wield two-handed weapons with a shield.
You have a pair of large antennae on your head. (SInv)


Message History

You closely miss the orc warrior.
The orc warrior is moderately wounded.
The orc warrior hits you with a dire flail!!
You hit the orc warrior.
The orc warrior is heavily wounded.
You hit the orc warrior.
The orc warrior is heavily wounded.
The orc warrior hits you with a dire flail!
* * * LOW HITPOINT WARNING * * *
You feel very mighty all of a sudden.
The orc warrior hits you with a dire flail!
* * * LOW HITPOINT WARNING * * *
You completely miss the orc warrior.
The orc warrior is heavily wounded.
The orc warrior hits you but does no damage.
You slash the orc warrior!
The orc warrior is almost dead.
You hear a bark!
The orc warrior hits you with a dire flail.
You die...

#...# #..........
#..## #..........
#}.## #..........
##..## #..........
##..## #..........
#...###..........
##...##..........
#####..#..........
.
#@####............
...######o#
##...........
..?{..{#o##
##..........
.......{##
##.........
.!..####.##
#......... . #..##
#.........
##..#####.........
#...##...........
##...............


You could see an orc warrior.

Vanquished Creatures
  A two-headed ogre (D:7)
  Eustachio (D:4)
  A hungry ghost (D:8)
  A water moccasin (D:7)
  3 sky beasts
  2 orc warriors (D:9)
  A black bear (D:9)
  A phantom (D:6)
  2 centaurs
  2 ogres
  Blork the orc (D:5)
  3 bullfrogs
  2 scorpions
  A wyvern skeleton (D:8)
  3 killer bees (D:8)
  A wight (D:5)
  3 howler monkeys (D:9)
  3 crimson imps
  A centaur zombie (D:8)
  4 hounds
  2 jellies (D:9)
  3 orc wizards
  A quasit (D:9)
  3 bullfrog skeletons
  5 orc priests
  A centaur skeleton (D:4)
  2 iguanas
  2 worker ants
  A killer bee zombie (D:6)
  A worker ant zombie (D:9)
  5 adders
  A shadow imp (D:9)
  An ooze (D:6)
  An adder skeleton (D:4)
  5 worms
  3 dart slugs
  3 leopard geckos
  15 orcs
  11 bats
  4 giant cockroaches
  5 goblins
  4 hobgoblins
  7 jackals
  6 kobolds
  A quokka (D:2)
  4 frilled lizards
  A quokka zombie (D:6)
  7 rats (D:1)
142 creatures vanquished.

Notes
Turn   | Place    | Note
-------+----------+-------------------------------------------
     0 | D:1      | Ladykiller69 the Formicid Fighter began the quest for the Orb.
     0 | D:1      | Reached XP level 1. HP: 18/18 MP: 1/1
    44 | D:1      | Reached XP level 2. HP: 23/24 MP: 2/2
   315 | D:1      | Reached XP level 3. HP: 25/29 MP: 3/3
  1169 | D:2      | Reached XP level 4. HP: 35/37 MP: 4/4
  1625 | D:3      | Noticed appiemonkey's ghost (amateur MiFi)
  2057 | D:4      | Reached skill level 3 in Axes
  2057 | D:4      | Reached XP level 5. HP: 41/42 MP: 5/5
  2125 | D:4      | Noticed a sky beast
  2135 | D:4      | Killed a sky beast
  2135 | D:4      | Reached skill level 4 in Axes
  2135 | D:4      | Reached skill level 5 in Shields
  2135 | D:4      | Reached XP level 6. HP: 48/48 MP: 6/6
  2271 | D:4      | Found a staircase to the Ecumenical Temple.
  2286 | Temple   | Entered the Ecumenical Temple
  2304 | Temple   | Became a worshipper of Cheibriados the Contemplative
  2392 | D:4      | Noticed Eustachio
  2412 | D:4      | Killed Eustachio
  2412 | D:4      | Reached skill level 5 in Axes
  2412 | D:4      | Reached XP level 7. HP: 37/54 MP: 7/7
  2433 | D:4      | Found a shadowy altar of Dithmenos.
  2828 | D:4      | You fall through a shaft!
  2828 | D:5      | Entered Level 5 of the Dungeon
  2938 | D:5      | Noticed Blork the orc
  2949 | D:5      | Killed Blork the orc
  3282 | D:5      | Found a sacrificial altar of Ru.
  3421 | D:5      | Reached skill level 6 in Axes
  3656 | D:6      | Found a hazy altar of Hepliaklqana.
  3703 | D:6      | Reached * piety under Cheibriados
  3703 | D:6      | Reached XP level 8. HP: 31/60 MP: 8/8
  4109 | D:6      | Reached skill level 7 in Axes
  4945 | D:7      | Reached skill level 8 in Axes
  5241 | D:7      | Reached XP level 9. HP: 65/65 MP: 9/9
  5279 | D:7      | Reached ** piety under Cheibriados
  5413 | D:7      | Noticed a two-headed ogre
  5575 | D:7      | Killed a two-headed ogre
  5575 | D:7      | Reached skill level 9 in Axes
  6228 | D:8      | Reached skill level 10 in Axes
  6312 | D:8      | You fall through a shaft!
  6593 | D:9      | Reached XP level 10. HP: 25/71 MP: 10/10
  7212 | D:9      | Reached *** piety under Cheibriados
  7683 | D:9      | HP: 3/71 [orc warrior/dire flail (13)]
  7685 | D:9      | Slain by an orc warrior

Skill      XL: |  1  2  3  4  5  6  7  8  9 |
---------------+----------------------------+-----
Shields        | 4 5 6 7 9 |  9.9
Armour         | 4 |  4.1
Fighting       | 4 |  4.0
Axes           | 3 4 5 6 8 10 | 10.9

Action                   |  1- 3 |  4- 6 |  7- 9 | 10-12 || total
-------------------------+-------+-------+-------+-------++-------
Melee: War axe           |   118 |   130 |   333 |    67 ||   648
Throw: Tomahawk          |       |       |     7 |       ||     7
 Abil: Dig               |       |     4 |     7 |     1 ||    12
       Shaft Self        |       |       |     1 |       ||     1
  Use: Potion            |       |       |       |     1 ||     1
  Eat: Chunk             |     1 |     4 |     8 |     3 ||    16
       Royal jelly       |       |       |     1 |       ||     1
       Meat ration       |       |       |     1 |       ||     1
Armor: Scale mail        |    73 |    49 |    68 |       ||   190
       Chain mail        |       |       |    33 |     6 ||    39
       Plate armour      |       |       |       |    12 ||    12
Dodge: Dodged            |    42 |    38 |    99 |    12 ||   191
Block: Shield            |    78 |    79 |   203 |    37 ||   397
